 Dungeon Crawl Stone Soup version 0.17-a0-1941-gcc30b76 (webtiles) character file.

7360 zoolka the Protected (level 11, -1/88 HPs)
             Began as a Hill Orc Berserker on Sept 29, 2015.
             Was an Elder of Trog.
             Slain by a killer bee (3 damage)
             ... on level 10 of the Dungeon on Sept 30, 2015.
             The game lasted 02:39:18 (8981 turns).

zoolka the Protected (Hill Orc Berserker)           Turns: 8981, Time: 02:39:18

Health: -1/88      AC: 20    Str: 23    XL:     11   Next: 14%
Magic:  12/12      EV:  8    Int:  7    God:    Trog [****..]
Gold:   536        SH:  0    Dex: 11    Spells: 0 memorised, 10 levels left

rFire  + . .     SeeInvis .     x - +0 battleaxe
rCold  + . .     Clarity  .     t - +0 plate armour (curse)
rNeg   . . .     SustAt   .     (no shield)
rPois  .         Gourm    +     M - +0 helmet
rElec  .         Spirit   .     E - +0 cloak
rCorr  .         Warding  .     (no gloves)
rMut   .         Stasis   .     S - +0 pair of boots
MR     .....                    L - amulet of the gourmand
Stlth  ..........               R - ring of protection from cold
                                r - ring of protection from fire

@: exhausted, slowed, very slow, not resistant to hostile enchantments,
extremely unstealthy
A: no striking features
a: Burn Spellbooks, Berserk, Trog's Hand, Brothers in Arms, Renounce Religion


You were on level 10 of the Dungeon.
You worshipped Trog.
Trog was greatly pleased with you.
You were not hungry.

You visited 1 branch of the dungeon, and saw 10 of its levels.

You collected 698 gold pieces.
You spent 162 gold pieces at shops.

Inventory:

Hand weapons
 d - the cursed +1 mace of Unreason {speed, rF+ rC+ Str-2 Dex+6}
   (You found it on level 5 of the Dungeon)

   Attacks with this weapon are significantly faster.
   It affects your strength (-2).
   It affects your dexterity (+6).
   It protects you from fire.
   It protects you from cold.
   It has a curse placed upon it.
 e - a +0 war axe
 p - a +0 blowgun
 x - a +0 battleaxe (weapon)
Missiles
 q - 18 poisoned needles
 u - 7 javelins of returning (quivered)
 V - 15 tomahawks
Armour
 t - a cursed +0 plate armour (worn)
 B - a +2 robe of fire resistance
 E - a +0 cloak (worn)
 K - a +2 leather armour of cold resistance
 M - a +0 helmet (worn)
 S - a +0 pair of boots (worn)
Jewellery
 a - an uncursed amulet of clarity
 r - a ring of protection from fire (left hand)
 H - a +2 ring of intelligence
 L - an amulet of the gourmand (around neck)
 R - a ring of protection from cold (right hand)
Magical devices
 k - a wand of cold (7)
 F - a wand of confusion (25)
 I - a wand of paralysis (10)
 Y - a wand of enslavement (15)
Scrolls
 b - 6 scrolls of identify
 g - a scroll of remove curse {unknown}
 l - a scroll of teleportation {unknown}
 m - a scroll of fear {unknown}
 n - 2 scrolls of enchant armour {unknown}
 v - a scroll of recharging {unknown}
 w - 2 scrolls of fog
 y - a scroll of magic mapping {unknown}
 J - 2 scrolls of enchant weapon {unknown}
 Q - a scroll of vulnerability {unknown}
 U - a scroll of holy word {unknown}
Potions
 f - 4 potions of magic
 h - 2 potions of lignification {unknown}
 o - 2 potions of cancellation
 z - a potion of poison {unknown}
 C - 3 potions of might
 D - a potion of heal wounds {unknown}
 G - a potion of berserk rage
 N - 2 potions of flight
 O - a potion of invisibility {unknown}
 T - a potion of agility {unknown}
 W - 2 potions of brilliance {unknown}
Miscellaneous
 i - an ornate deck of summoning
Comestibles
 c - 4 bread rations
 j - 6 meat rations
 P - a royal jelly


   Skills:
 - Level 5.5 Fighting
 + Level 12.2 Axes
 + Level 5.0 Throwing
 - Level 13.0 Armour
 + Level 2.9 Dodging
 + Level 1.9 Evocations


You had 10 spell levels left.
You didn't know any spells.

Dungeon Overview and Level Annotations

Branches:
Dungeon (10/15)            Temple (0/1) D:5
   Lair: D:8-11         Orc: D:9-12

Altars:
Cheibriados
Kikubaaqudgha
Nemelex Xobeh
Okawaru
Qazlal
Ru
Yredelemnul

Shops:
D:6 *   D:8 %:%:


Message History

* * * LOW HITPOINT WARNING * * *
The killer bee barely misses you.
The killer bee stings you but does no damage.
You miss the killer bee. You closely miss the killer bee.
The killer bee is severely wounded.
The killer bee stings you but does no damage.
The killer bee barely misses you. The killer bee stings you.
* * * LOW HITPOINT WARNING * * *
The killer bee stings you.
* * * LOW HITPOINT WARNING * * *
The killer bee stings you.
* * * LOW HITPOINT WARNING * * *
The killer bee stings you but does no damage.
The killer bee closely misses you.
Use which ability?
You fail to use your ability.
The killer bee stings you but does no damage.
The killer bee closely misses you. The killer bee barely misses you.
The killer bee stings you.
You die...

#..# #..# .####.. ...##
..##..# .#
....####.....## ##..##
..#......#....# .#...#
.##.....##.....####..#...
.......##................
.......#...# #.†..#.....
..........### #@y#......
......##....#####y.......
.....####............#...
###.## ##.......##..# #
#.## #..###..# #....
#..## #....J.## #....
#... #..#...# )##. #(.
....#####.# # ##.#
##....# ..#


You could see 2 killer bees.

Vanquished Creatures
  Erica (D:8)
  A skeletal warrior (D:9)
  Pikel (D:4)
  Maurice (D:8)
  Joseph (D:8)
  A vampire mosquito (D:9)
  4 hippogriffs
  A hungry ghost (D:6)
  4 slaves (D:4)
  3 orc warriors
  3 sky beasts
  A black bear (D:7)
  An ice beast (D:8)
  A wasp (D:9)
  3 ogres (D:4)
  A phantom (D:8)
  2 necrophages
  The ghost of Crag the Skirmisher, an average DsAK of Lugonu (D:3)
  2 centaurs
  7 giant frogs
  Blork the orc (D:5)
  4 scorpions
  5 wights
  13 killer bees
  2 centaur zombies
  5 crimson imps
  A centaur skeleton (D:5)
  Crazy Yiuf (D:5)
  A gnoll shaman (D:9)
  2 jellies
  3 orc priests
  A giant frog skeleton (D:7)
  A hound (D:9)
  8 orc wizards
  2 iguanas (D:9)
  7 worker ants
  A mummy (D:6)
  2 hound skeletons
  4 adders
  2 shadow imps
  An adder zombie (D:9)
  2 worms (D:2)
  4 giant geckos
  32 orcs
  10 bats
  5 giant cockroaches
  8 hobgoblins
  11 jackals
  4 quokkas
  4 ball pythons
  3 giant newts
  5 goblins
  A hobgoblin zombie (D:6)
  A jackal skeleton (D:4)
  10 kobolds
  A kobold zombie (D:6)
  2 orc zombies (D:6)
  7 rats
  A spectral orc (D:4)
218 creatures vanquished.

Vanquished Creatures (others)
  A human (D:4)
1 creature vanquished.

Grand Total: 219 creatures vanquished

Notes
Turn   | Place    | Note
--------------------------------------------------------------
     0 | D:1      | zoolka the Hill Orc Berserker began the quest for the Orb.
     0 | D:1      | Reached XP level 1. HP: 19/19 MP: 1/1
   181 | D:1      | Reached XP level 2. HP: 22/27 MP: 2/2
   795 | D:2      | Reached XP level 3. HP: 33/33 MP: 3/3
   821 | D:2      | Acquired Trog's second power
  1569 | D:3      | Reached XP level 4. HP: 40/40 MP: 4/4
  1607 | D:3      | Noticed Crag's ghost (average DsAK)
  1746 | D:3      | Killed Crag's ghost
  1746 | D:3      | Reached skill level 5 in Axes
  1746 | D:3      | Reached XP level 5. HP: 19/47 MP: 5/5
  1917 | D:3      | Found an iron altar of Okawaru.
  2012 | D:3      | Reached skill level 5 in Fighting
  2629 | D:4      | Noticed a slave
  2629 | D:4      | Noticed a slave
  2636 | D:4      | Reached XP level 6. HP: 47/56 MP: 6/6
  2638 | D:4      | Noticed Pikel
  2639 | D:4      | Noticed a slave
  2839 | D:4      | Found a basalt altar of Yredelemnul.
  3287 | D:4      | Upgraded the game from 0.17-a0-1927-g319369b to 0.17-a0-1941-gcc30b76
  3351 | D:4      | Noticed an ogre
  3359 | D:4      | Noticed an ogre
  3368 | D:4      | Noticed an ogre
  3368 | D:4      | Noticed a slave
  3378 | D:4      | Killed an ogre
  3378 | D:4      | Reached skill level 6 in Axes
  3378 | D:4      | Reached skill level 5 in Armour
  3405 | D:4      | Killed a slave
  3422 | D:4      | Killed a slave
  3448 | D:4      | Killed an ogre
  3448 | D:4      | Reached XP level 7. HP: 18/61 MP: 7/7
  3483 | D:4      | Killed a slave
  3512 | D:4      | Killed a slave
  3554 | D:4      | Killed an ogre
  3675 | D:4      | Killed Pikel
  3675 | D:4      | Reached skill level 7 in Axes
  3675 | D:4      | Reached XP level 8. HP: 69/69 MP: 8/8
  3800 | D:4      | Found an ancient bone altar of Kikubaaqudgha.
  3801 | D:4      | Noticed a human
  3804 | D:4      | Killed a human
  3977 | D:5      | Entered Level 5 of the Dungeon
  4013 | D:5      | Reached skill level 8 in Axes
  4057 | D:5      | Noticed Blork the orc
  4091 | D:5      | Killed Blork the orc
  4265 | D:5      | Noticed Crazy Yiuf
  4271 | D:5      | Killed Crazy Yiuf
  4353 | D:5      | Reached skill level 9 in Armour
  4422 | D:5      | Found a sparkling altar of Nemelex Xobeh.
  4535 | D:5      | Found a staircase to the Ecumenical Temple.
  4550 | D:5      | Got an iridescent mace
  4551 | D:5      | Identified the cursed +1 mace of Unreason {speed, rF+ rC+ Str-2 Dex+6} (You found it on level 5 of the Dungeon)
  4658 | D:6      | Found Innek's Assorted Antiques.
  4666 | D:6      | Bought a sedimented brown potion for 18 gold pieces
  4666 | D:6      | Bought a fizzy silvery potion for 18 gold pieces
  4666 | D:6      | Bought a scroll labeled GYOSYI OXIBOTEUMP for 21 gold pieces
  4666 | D:6      | Bought an encrusted granite ring for 105 gold pieces
  5025 | D:6      | Reached XP level 9. HP: 66/74 MP: 9/9
  5475 | D:7      | Reached skill level 10 in Armour
  6005 | D:7      | Found a snail-covered altar of Cheibriados.
  6018 | D:7      | Found a stormy altar of Qazlal.
  6027 | D:7      | Found a sacrificial altar of Ru.
  6036 | D:7      | Found an ancient bone altar of Kikubaaqudgha.
  6044 | D:7      | Reached skill level 10 in Axes
  6520 | D:8      | Found Hoeryino's Food Boutique.
  6542 | D:8      | Reached skill level 11 in Armour
  6632 | D:8      | Found Nuarcheg's Book Emporium.
  6668 | D:8      | Noticed Joseph
  6688 | D:8      | Killed Joseph
  6728 | D:8      | Reached XP level 10. HP: 50/81 MP: 10/10
  6780 | D:8      | Acquired Trog's third power
  6780 | D:8      | Reached skill level 1 in Throwing
  6947 | D:8      | Noticed Erica
  7146 | D:8      | Noticed Maurice
  7167 | D:8      | Killed Maurice
  7167 | D:8      | Reached skill level 12 in Armour
  7368 | D:8      | Killed Erica
  7492 | D:8      | Found Etas's Food Emporium.
  7526 | D:8      | Received a gift from Trog
  7659 | D:8      | Found Gaish's Book Emporium.
  7878 | D:9      | Noticed a skeletal warrior
  7898 | D:9      | Killed a skeletal warrior
  7947 | D:9      | Reached skill level 13 in Armour
  8393 | D:9      | Reached XP level 11. HP: 88/88 MP: 11/11
  8744 | D:9      | Reached skill level 1 in Evocations
  8888 | D:10     | Entered Level 10 of the Dungeon
  8975 | D:10     | Reached skill level 5 in Throwing
  8980 | D:10     | HP: 3/88 [killer bee (5)]
  8980 | D:10     | HP: 1/88 [killer bee (2)]
  8981 | D:10     | Slain by a killer bee

Vault maps used:
D:1:      ncdulo_wetmaze, kennysheep_nondescript
D:3:      okawaru_altar_gauntlet_db
D:4:      yredelemnul_forgotten_temple_becter, tgw_kikubaaqudgha, uniq_pikel
D:5:      nemelex_xobeh_ov_fountains_minmay, minmay_temple_entry_mist,
          first_bread, uniq_crazy_yiuf_cottage, uniq_blork_the_orc
D:6:      serial_shops, shop_fountains, minmay_mini_ossuary
D:7:      grunt_temple_overflow_cloverleaf
D:8:      serial_shops, shop, nicolae_shop_window_shopping, shop,
          nicolae_shop_stone, uniq_erica, uniq_maurice, uniq_joseph
D:9:      hangedman_cross_cluster
D:10:     blue_anna_alchemist, lemuel_jelly_drop

Action                   |  1- 3 |  4- 6 |  7- 9 | 10-12 || total
-------------------------+-------+-------+-------+-------++-------
Melee: Hand axe          |   155 |   216 |   288 |       ||   659
       War axe           |       |       |    76 |   268 ||   344
       Battleaxe         |       |       |       |    31 ||    31
 Fire: Blowgun           |       |     4 |     5 |       ||     9
Throw: Javelin           |       |       |       |     8 ||     8
Invok: Trog's Hand       |     1 |     3 |     3 |     2 ||     9
       Berserk           |       |     3 |    12 |     8 ||    23
       Burn Spellbooks   |       |       |       |     1 ||     1
Evoke: Wand              |       |       |     1 |       ||     1
  Use: Potion            |       |     3 |     1 |     1 ||     5
       Scroll            |       |     1 |    11 |     2 ||    14
  Eat: Chunk             |     2 |     9 |    11 |    20 ||    42
       Bread ration      |       |       |     2 |       ||     2
       Meat ration       |       |       |     1 |       ||     1
       Pizza             |       |       |     1 |       ||     1
       Beef jerky        |       |       |     1 |       ||     1
